Map: Moondance

Players

Maru - Winner!

  • Race: Terran Terran
  • League: Master
  • Spawn Location: 6:00

Classic

  • Race: Protoss Protoss
  • Spawn Location: 12:00

VOD

Have the link to the VOD?

Description

Time

  • Played on: Oct. 20, 2022, 7:08 a.m.
  • Length: 13:08
Show
View Real Time Build Order
Export as new Build Order

Maru Terran - Winner!

Build Orders:  

Get SALT Encoding   

  12  0:00  SCV  
  13  0:12  SCV  
  14  0:16  Supply Depot  
  14  0:24  SCV  
  15  0:38  SCV  
  15  0:39  Barracks  
  16  0:44  Refinery  
  16  0:50  SCV  
  16  0:53  Refinery  
  17  1:02  SCV  
  18  1:14  SCV  
  19  1:26  Reaper, Orbital Command  
  19  1:28  Supply Depot  
  20  1:41  Factory  
  20  1:52  SCV  
  21  1:58  Reaper  
  22  2:04  SCV  
  23  2:17  SCV  
  23  2:18  Command Center  
  24  2:26  Hellion  
  24  2:29  SCV  
  27  2:35  Starport  
  27  2:38  Barracks Reactor  
  27  2:41  SCV  
  28  2:47  Supply Depot  
  30  2:51  Widow Mine  
  30  2:54  SCV  
  31  3:09  SCV  
  32  3:13  Medivac, Widow Mine  
  32  3:16  Marine  
  32  3:17  Marine  
  38  3:21  SCV  
  38  3:26  Barracks  
  39  3:33  SCV, Orbital Command  
  40  3:37  Factory Tech Lab  
  40  3:40  Marine  
  40  3:41  Marine  
  42  3:45  SCV  
  43  3:51  Bunker  
  43  3:57  SCV  
  43  3:59  SCV  
  43  4:01  Raven  
  47  4:03  Factory Tech Lab  
  47  4:04  Supply Depot  
  47  4:10  Refinery  
  47  4:11  Marine x2  
  47  4:13  Marine  
  47  4:15  SCV x2  
  52  4:27  SCV x2  
  52  4:29  Marine x2  
  54  4:35  Siege Tank  
  55  4:39  SCV x2  
  55  4:51  SCV x2  
  55  4:58  Supply Depot  
  55  4:59  Marine  
  55  5:00  Stimpack, Marine x2  
  55  5:01  Command Center  
  55  5:03  SCV  
  55  5:04  SCV  
  60  5:09  Engineering Bay  
  60  5:13  Siege Tank  
  62  5:15  SCV  
  62  5:21  Marine  
  63  5:22  Starport Reactor  
  63  5:24  SCV  
  63  5:25  Barracks  
  64  5:36  Terran Infantry Weapons Level 1  
  64  5:37  Barracks  
  64  5:39  Barracks, Missile Turret  
  64  5:40  SCV  
  65  5:42  SCV  
  65  5:47  Siege Tank  
  65  5:48  Marine  
  66  5:52  SCV  
  66  5:54  Missile Turret  
  66  5:58  SCV  
  66  6:01  Marine x2  
  68  6:04  SCV  
  68  6:10  SCV  
  70  6:14  Supply Depot, Barracks Tech Lab  
  70  6:16  SCV  
  70  6:26  SCV, Siege Tank, Marine x2  
  70  6:27  Marauder, Orbital Command  
  70  6:29  Supply Depot, SCV  
  70  6:31  Missile Turret  
  78  6:34  Barracks Tech Lab  
  78  6:38  SCV  
  78  6:41  SCV  
  78  6:45  Combat Shield, Marine x2  
  81  6:48  Supply Depot  
  81  6:50  Barracks Reactor, SCV  
  81  6:53  SCV  
  82  6:57  Concussive Shells, Marauder x3  
  82  7:00  Refinery  
  89  7:01  SCV  
  89  7:03  Supply Depot  
  89  7:07  Siege Tank, Marine  
  93  7:09  SCV  
  93  7:10  Marine  
  93  7:13  SCV  
  96  7:18  Medivac x2, Marauder  
  96  7:19  Marine x2  
  102  7:24  SCV x2  
  102  7:25  SCV  
  103  7:34  Supply Depot  
  103  7:36  SCV  
  104  7:37  Marauder  
  104  7:38  Marauder  
  104  7:39  Siege Tank, Marine x2, Marauder  
  104  7:43  Terran Infantry Armor Level 1  
  115  7:44  SCV  
  115  7:47  SCV  
  117  7:55  Medivac  
  117  7:56  Supply Depot, Refinery  
  117  7:57  Supply Depot  
  119  7:59  Marauder x2  
  119  8:00  SCV  
  119  8:01  Supply Depot, SCV  
  125  8:16  SCV, Marauder, Marine  
  123  8:20  SCV, Marauder  
  123  8:22  SCV  
  126  8:28  Command Center, SCV  
  126  8:29  Marine  
  126  8:30  Marauder  
  130  8:35  Marine  
  130  8:37  Marauder  
  133  8:41  Marauder  
  133  8:44  SCV  
  133  8:45  Siege Tank  
  133  8:46  Supply Depot  
  133  8:48  Viking  
  141  8:50  Viking  
  141  8:51  Marauder  
  145  8:57  Marine x2  
  145  8:59  Marauder  
  149  9:04  Ghost Academy  
  149  9:08  Marauder  
  136  9:19  Marauder, Marine x2  
  136  9:21  Marauder, Marine x2  
  122  9:24  Viking x2  
  122  9:29  Marauder  
  111  9:31  SCV  
  111  9:32  SCV  
  111  9:34  Siege Tank  
  113  9:42  Ghost x2  
  111  9:47  Supply Depot x2  
  111  9:49  Ghost  
  111  9:52  Supply Depot  
  111  9:53  Supply Depot  
  111  9:54  Viking  
  111  9:55  Viking  
  111  9:58  Enhanced Shockwaves  
  115  10:00  Marine  
  115  10:02  Marine x3  
  119  10:08  Siege Tank  
  122  10:20  Armory  
  122  10:21  Engineering Bay  
  122  10:23  Marine x4  
  122  10:24  Medivac  
  128  10:30  Medivac, Marine x2  
  128  10:31  Marine  
  133  10:38  Planetary Fortress  
  133  10:39  Missile Turret  
  133  10:41  Marine  
  133  10:42  SCV x3  
  137  10:47  Marine x2  
  137  10:48  Marine  
  137  10:49  Siege Tank  
  143  10:51  Missile Turret  
  143  10:52  Missile Turret  
  143  10:54  SCV x2  
  143  10:55  SCV  
  146  11:01  Ghost  
  146  11:03  Missile Turret, Marauder x2, Marine  
  153  11:05  Marine x2  
  153  11:06  SCV  
  153  11:08  Missile Turret  
  153  11:10  Refinery  
  153  11:11  Refinery  
  155  11:19  Sensor Tower  
  155  11:21  Widow Mine  
  157  11:32  Marine x2, Ghost  
  159  11:33  Marauder x2  
  161  11:41  Marine x2  
  163  11:47  Command Center x2  
  163  11:48  Missile Turret, Siege Tank  
  163  11:53  Ghost  
  168  12:05  Missile Turret  
  165  12:09  Barracks x2  
  165  12:10  Missile Turret  
  165  12:12  Viking x2  
  157  12:20  Supply Depot  
  157  12:28  Marauder x3, Marine x3  
  148  12:33  SCV x3  
  148  12:34  SCV  
  147  12:45  SCV x3  
  147  12:46  SCV  
Show
View Real Time Build Order
Export as new Build Order

Classic Protoss 

Build Orders: 1 Gate Expand, Phoenix Opening, Colossus Rush 

Get SALT Encoding   

  12  0:00  Probe  
  13  0:12  Probe  
  14  0:17  Pylon  
  14  0:24  Probe  
  15  0:35  Gateway  
  15  0:36  Probe (Chrono Boost)  
  16  0:46  Probe (Chrono Boost)  
  16  0:48  Assimilator  
  17  0:51  Probe (Chrono Boost)  
  18  1:03  Probe  
  19  1:15  Probe  
  20  1:22  Cybernetics Core  
  20  1:31  Nexus  
  20  1:37  Pylon  
  20  1:40  Probe  
  20  1:46  Assimilator  
  21  1:52  Probe  
  22  1:55  Adept (Chrono Boost)  
  22  1:58  Warp Gate  
  24  2:05  Probe  
  25  2:17  Probe  
  25  2:18  Stalker  
  28  2:29  Probe  
  29  2:31  Shield Battery  
  29  2:37  Stargate  
  29  2:41  Probe (Chrono Boost)  
  29  2:43  Probe (Chrono Boost)  
  31  2:48  Stalker  
  34  2:52  Probe x2 (Chrono Boost)  
  34  2:56  Probe (Chrono Boost)  
  34  2:58  Probe  
  37  3:07  Probe  
  37  3:10  Probe  
  37  3:16  Pylon  
  37  3:19  Phoenix (Chrono Boost), Probe  
  38  3:22  Probe  
  38  3:24  Assimilator  
  41  3:31  Probe  
  42  3:34  Probe  
  42  3:35  Phoenix (Chrono Boost)  
  42  3:38  Assimilator  
  45  3:42  Robotics Facility  
  45  3:43  Probe  
  45  3:46  Probe  
  47  3:53  Gateway  
  47  3:57  Phoenix (Chrono Boost)  
  47  4:00  Probe x2  
  51  4:06  Pylon  
  51  4:12  Probe x2  
  53  4:18  Pylon  
  53  4:24  Phoenix  
  53  4:28  Probe  
  50  4:46  Probe x2  
  50  4:49  Phoenix  
  53  4:57  Robotics Bay  
  53  5:00  Probe x2 (Chrono Boost)  
  53  5:06  Nexus  
  55  5:09  Observer, Probe x2 (Chrono Boost)  
  58  5:15  Probe  
  58  5:21  Probe  
  60  5:23  Sentry x2  
  60  5:26  Pylon  
  60  5:27  Probe  
  65  5:33  Probe  
  66  5:38  Pylon  
  66  5:39  Probe  
  66  5:41  Colossus (Chrono Boost)  
  67  5:47  Extended Thermal Lance  
  67  5:49  Probe  
  74  5:51  Probe  
  75  5:57  Pylon  
  75  6:03  Forge  
  75  6:04  Forge  
  75  6:05  Probe x2  
  76  6:17  Probe x2  
  78  6:21  Colossus (Chrono Boost)  
  78  6:24  Probe  
  85  6:27  Assimilator  
  85  6:28  Phoenix  
  85  6:29  Probe x2  
  89  6:36  Probe  
  89  6:39  Stalker  
  92  6:40  Stalker  
  92  6:41  Probe x2  
  92  6:42  Protoss Ground Weapons Level 1 (Chrono Boost), Protoss Ground Armor Level 1 (Chrono Boost)  
  96  6:48  Pylon  
  96  6:52  Twilight Council  
  94  7:05  Colossus (Chrono Boost)  
  94  7:06  Gateway  
  100  7:08  Gateway  
  100  7:18  Gateway  
  100  7:21  Gateway  
  100  7:22  Zealot  
  100  7:23  Zealot  
  100  7:24  Phoenix  
  106  7:32  Gateway  
  106  7:34  Gateway  
  106  7:37  Pylon  
  106  7:38  Charge (Chrono Boost)  
  106  7:39  Pylon  
  106  7:42  Robotics Facility  
  106  7:50  Zealot x2  
  108  7:55  Templar Archives  
  108  7:56  Disruptor  
  108  7:57  Pylon  
  111  8:03  Pylon  
  111  8:05  Zealot x2  
  115  8:13  Zealot x3  
  119  8:22  Pylon  
  117  8:29  Zealot x5  
  117  8:32  Protoss Ground Weapons Level 2 (Chrono Boost)  
  117  8:33  Protoss Ground Armor Level 2 (Chrono Boost)  
  117  8:34  Zealot x3  
  129  8:38  Pylon  
  133  8:51  Pylon  
  133  8:54  Cybernetics Core  
  133  8:56  High Templar x2  
  133  9:01  Archon, High Templar x2  
  133  9:02  Zealot x3  
  147  9:05  Archon  
  147  9:08  Pylon  
  135  9:22  Zealot x3  
  126  9:29  Zealot x2  
  126  9:34  Zealot  
  126  9:36  Immortal (Chrono Boost), Warp Prism (Chrono Boost)  
  128  9:41  Probe x2  
  128  9:42  Probe  
  137  9:51  Zealot x5  
  147  9:56  Templar Archives  
  147  10:09  Nexus  
  147  10:11  Blink (Chrono Boost)  
  141  10:23  Immortal  
  141  10:27  Immortal  
  149  10:34  Pylon  
  149  10:38  High Templar x4  
  149  10:42  Archon, Pylon  
  157  10:43  Archon, Pylon  
  157  10:52  Stalker x2, Pylon  
  157  10:55  Sentry  
  163  11:04  Warp Prism  
  165  11:12  Zealot x2, High Templar x2  
  165  11:15  Gateway  
  165  11:16  Archon  
  173  11:18  Stalker x2  
  177  11:30  Stalker  
  166  11:45  Stalker x5  
  166  11:46  Stalker  
  176  11:54  Stalker  
  178  12:08  Nexus  
  172  12:14  Zealot x7  
  148  12:17  Zealot  
  110  12:38  Zealot x3  
  110  12:39  Zealot x5  
  110  12:44  Robotics Bay  
  126  12:50  Probe x3  
Tags
 
Add a new tag
Caveats
  • Supply blocks, unpowered buildings, or Contaminate may cause inaccurate times.
  • Supply counts are checked every 10 seconds.